 Dungeon Crawl Stone Soup version 0.26-a0-50-gc4d14cd842 (webtiles) character file.

Game seed: 8169994691242240923

537 sanka the Martial Artist (level 7, 25/57 HPs)
             Began as a Yellow Draconian Monk on June 4, 2020.
             Quit the game on level 4 of the Dungeon.
             The game lasted 00:06:59 (3827 turns).

sanka the Martial Artist (Yellow Draconian Monk)    Turns: 3827, Time: 00:06:59

Health: 25/57      AC:  6    Str: 13    XL:     7   Next: 5%
Magic:  7/7        EV: 13    Int: 11    God:
Gold:   174        SH:  0    Dex: 15    Spells: 6/6 levels left

rFire    . . .     SeeInvis .     - Unarmed
rCold    . . .     Gourm    .   (no shield)
rNeg     . . .     Faith    .   (armour unavailable)
rPois    .         Spirit   .   (helmet restricted)
rElec    .         Reflect  .   (no cloak)
rCorr    +         Harm     .   (no gloves)
MR       .....                  (no boots)
Stlth    ++........             (no amulet)
HPRegen  0.19/turn              (no ring)
MPRegen  0.10/turn              (no ring)

@: no status effects
A: spit acid, unfitting armour, cold-blooded, acid resistance, AC +6
a: Breathe Acid


You were on level 4 of the Dungeon.
You were not hungry.

You visited 1 branch of the dungeon, and saw 4 of its levels.

You collected 174 gold pieces.


Innate Abilities, Weirdness & Mutations

You can spit globs of acid.
Your golden yellow scales are hard. (AC +6)
You cannot fit into any form of body armour.
You are cold-blooded and may be slowed by cold attacks.
You are resistant to acid. (rCorr)


   Skills:
 - Level 3.2 Fighting
 - Level 2.6 Dodging
 - Level 1.7 Stealth
 + Level 8.1 Unarmed Combat


You had 6 spell levels left.
You didn't know any spells.
Your spell library was empty.

Inventory:

Hand Weapons
 p - a +0 arbalest
 r - a +0 hunting sling
Missiles
 c - 7 boomerangs (quivered)
 j - 12 sling bullets
 s - 29 stones
Wands
 o - a wand of random effects (10)
Scrolls
 b - 2 scrolls of remove curse {unknown}
 g - 5 scrolls of identify {unknown}
 h - 2 scrolls of teleportation {unknown}
 k - a scroll of fog {unknown}
 l - a scroll of amnesia {unknown}
 m - 2 scrolls of enchant armour {unknown}
Potions
 d - a potion of cancellation {unknown}
 e - a potion of flight {unknown}
 f - a potion of heal wounds {@q2}
 i - a potion of lignification {unknown}
 n - a potion of might
Comestibles
 a - 9 rations
 q - 3 chunks of flesh

Dungeon Overview and Level Annotations

Branches:
Dungeon (4/15)
 Temple: D:4-7

Altars:

Annotations:
D:3 Sigmund

. ▒▒▒▒. ..
▒▒... ...
▒▒▒▒..▒▒▒▒..▒
▒.>..▒.†...▒▒.
▒▒.▒▒
▒▒.▒(..d.......
▒▒ff.▒
▒().)....▒▒▒▒▒▒
▒P.ff▒
▒▒..▒▒▒▒▒▒▒
▒....▒ ▒(..▒
▒▒....▒▒▒.)▒▒
...........▒▒
.......(▒...▒
............+
.....(.>...▒▒


There were no monsters in sight!


Message History

You punch the orc!
You kill the orc!
No target in view!
No target in view!
c - 7 boomerangs (gained 3)
Things that are here:
a +0 dagger an orc corpse A howler monkey comes into view.
Things that are here:
a +0 dagger 2 chunks of flesh an orc skeleton The howler monkey howls!
You hit the howler monkey but do no damage.
Your tail-slap misses the howler monkey.
The howler monkey closely misses you.
Unknown command.
You punch the howler monkey!
The howler monkey is severely wounded.
The howler monkey barely misses you.
Unknown command.
You punch the howler monkey!
You kill the howler monkey!
You have reached level 7!
Your scales start taking on a golden yellow colour.
You can spit globs of acid.
You feel resistant to acid.
Unknown command.
Are you sure you want to abandon this character and quit the game? (Confirm with "yes".)

Action                   |  1- 3 |  4- 6 |  7- 9 || total
-------------------------+-------+-------+-------++-------
Melee: Unarmed           |   132 |   143 |       ||   275
       Tailslap          |    14 |    18 |       ||    32
       Punch             |       |     3 |       ||     3
  Use: Potion            |       |     3 |       ||     3
 Stab: Sleeping          |     4 |     1 |       ||     5
  Eat: Chunk             |     4 |     5 |       ||     9
Armor: Skin              |    37 |    44 |       ||    81
Dodge: Dodged            |    92 |   119 |       ||   211

Levels and vault maps discovered:
D:1:      nicolae_arrival_somewhat_less_tricky_arrival, layout_basic
D:2:      layout_basic, minivault_25, minmay_heptomino_h4
D:3:      layout_loops_ring, first_ration, uniq_ijyb, uniq_sigmund
D:4:      layout_rooms, gup_sewer_entry_glass, kennysheep_orc_chapel,
          uniq_crazy_yiuf_cottage, uniq_grinder, uniq_natasha

Notes
Turn   | Place    | Note
-------+----------+-------------------------------------------
     0 | D:1      | sanka the Draconian Monk began the quest for the Orb.
     0 | D:1      | Reached XP level 1. HP: 19/19 MP: 1/1
   585 | D:1      | Reached XP level 2. HP: 26/26 MP: 2/2
  1286 | D:2      | Reached skill level 4 in Unarmed Combat
  1383 | D:2      | Reached XP level 3. HP: 21/31 MP: 3/3
  2491 | D:3      | Noticed Sigmund
  2569 | D:3      | Noticed Ijyb
  2597 | D:3      | Killed Ijyb
  2597 | D:3      | Reached skill level 5 in Unarmed Combat
  2597 | D:3      | Reached XP level 4. HP: 20/38 MP: 4/4
  3112 | D:3      | Noticed an ice beast
  3131 | D:3      | Killed an ice beast
  3131 | D:3      | Reached skill level 6 in Unarmed Combat
  3131 | D:3      | Reached XP level 5. HP: 45/45 MP: 5/5
  3433 | D:4      | Reached XP level 6. HP: 47/51 MP: 6/6
  3442 | D:4      | Reached skill level 7 in Unarmed Combat
  3593 | D:4      | Noticed Natasha
  3605 | D:4      | Killed Natasha
  3715 | D:4      | Noticed Natasha
  3722 | D:4      | Killed Natasha
  3815 | D:4      | Reached skill level 8 in Unarmed Combat
  3826 | D:4      | Your scales start taking on a golden yellow colour.
  3826 | D:4      | Reached XP level 7. HP: 25/57 MP: 7/7
  3826 | D:4      | Gained mutation: You are resistant to acid. (rCorr) [Yellow
                  | Draconian growth]
  3827 | D:4      | Quit the game

Vanquished Creatures
  An ice beast (D:3)
  4 howler monkeys (D:4)
  A hound (D:4)
  Ijyb (D:3)
  Natasha (twice) (D:4)
  2 orc wizards
  A worker ant (D:4)
  4 adders
  2 worms
  A dart slug (D:1)
  3 leopard geckos
  5 orcs
  6 bats
  6 giant cockroaches
  3 goblins
  10 hobgoblins
  4 jackals (D:3)
  3 quokkas
  3 ball pythons
  3 frilled lizards
  5 kobolds
  9 rats
79 creatures vanquished.
